 Dungeon Crawl Stone Soup version 0.27-a0-1384-g1422d76b99 (webtiles) character file.

Game seed: 16577888883747744952

51466 nyamberluvr69 the Unseen (level 14, -25/72 HPs)
             Began as a Felid Berserker on June 29, 2021.
             Was a High Priest of Trog.
             Killed from afar by a salamander tyrant (28 damage)
             ... on level 2 of the Snake Pit on June 30, 2021.
             The game lasted 02:02:19 (44988 turns).

nyamberluvr69 the Unseen (Felid Berserker)         Turns: 44988, Time: 02:02:19

Health: -25/72     AC:  3    Str: 13    XL:     14   Next: 23%
Magic:  15/15      EV: 49    Int:  8    God:    Trog [*****.]
Gold:   690        SH:  0    Dex: 23    Spells: 13/13 levels left
                                        Lives:  0   Deaths: 4

rFire    + . .     SeeInvis +     - Unarmed
rCold    + . .     Faith    .   (shield unavailable)
rNeg     . . .     Spirit   .   (armour unavailable)
rPois    +         Reflect  .   (helmet unavailable)
rElec    +         Harm     .   (cloak unavailable)
rCorr    .         Rampage  .   (gloves unavailable)
Will     ++++.                  (boots unavailable)
Stlth    ++++++++..             n - amulet "Meost" {Acrobat rElec rPois rF+, Meowst}
HPRegen  1.22/turn              R - +4 ring of slaying
MPRegen  0.14/turn              J - ring of Coronation {+Blink Fly SInv}

@: lethally poisoned (-25 -> -25), weakened, strong-willed, on berserk cooldown,
acrobatic, flying, regenerating, slowed, studying Evocations, slow
A: very small, claws 1, fangs 3, see invisible, speed 1, shaggy fur 3, stealthy
paws, no weapons or thrown items, no armour, multi-lived
a: Renounce Religion, Evoke Blink, Berserk, Trog's Hand, Brothers in Arms


You were on level 2 of the Snake Pit.
You worshipped Trog.
Trog was extremely pleased with you.
You visited 5 branches of the dungeon, and saw 26 of its levels.
You also visited: Sewer and Volcano.

You collected 3116 gold pieces.
You spent 2426 gold pieces at shops.

Inventory:

Jewellery
 j - a ring of protection from cold
 n - the amulet "Meost" (around neck) {Acrobat rElec rPois rF+, Meowst}
   (You acquired it on level 12 of the Dungeon)

   [amulet of the acrobat]

   It increases your evasion while moving and waiting.rF: It protects you from
   fire.
   rElec:     It insulates you from electricity.
   rPois:     It protects you from poison.
 r - an amulet of regeneration
 s - a +6 ring of dexterity
 y - the ring of Cowardice {Fire Dex+4}
   (You found it on level 6 of the Dungeon)

   [ring of fire]

   It enhances your fire magic.Dex: It affects your dexterity (+4).
   rF:        It protects you from fire.
   rC:        It makes you vulnerable to cold.
 E - the amulet of Otzuaff {Reflect Will++ Dex+7 SH+5}
   (You found it on level 3 of the Lair of Beasts)

   [amulet of reflection]

   It reflects blocked missile attacks.Dex: It affects your dexterity (+7).
   SH:        It affects your SH (+5).
   Will:      It greatly increases your willpower.
 F - a ring of resist corrosion
 G - the ring "Otuesaim" {rC- rN+ Str+2 Int+2 SInv}
   (You found it on level 9 of the Dungeon)

   [ring of positive energy]

   Str:       It affects your strength (+2).
   Int:       It affects your intelligence (+2).
   rC:        It makes you vulnerable to cold.
   rN:        It protects you from negative energy.
   SInv:      It lets you see invisible.
 I - a +6 ring of strength
 J - the ring of Coronation (right paw) {+Blink Fly SInv}
   (You acquired it on level 12 of the Dungeon)

   [ring of flight]

   SInv:      It lets you see invisible.
   Fly:       It grants you flight.
   +Blink:    It lets you blink.
 M - an amulet of faith
 R - a +4 ring of slaying (left paw)
 T - a +6 ring of strength
Wands
 b - a wand of flame (53)
 f - a wand of acid (5)
 l - a wand of iceblast (29)
 u - a wand of digging (15)
 x - a wand of charming (10)
 z - a wand of polymorph (15)
 K - a wand of paralysis (6)
 Q - a wand of mindburst (27)
Scrolls
 c - 5 scrolls of vulnerability
 d - 2 scrolls of fog
 e - 3 scrolls of blinking
 i - 9 scrolls of teleportation
 p - 4 scrolls of magic mapping
 v - a scroll of identify
 w - 3 scrolls of fear
 C - a scroll of immolation
 O - a scroll of silence
 P - 3 scrolls of summoning
Potions
 a - 9 potions of curing
 g - 4 potions of attraction
 h - 5 potions of heal wounds
 k - 7 potions of lignification
 m - a potion of magic
 o - a potion of cancellation
 q - 4 potions of might
 t - 3 potions of haste
 B - 2 potions of mutation
 D - 3 potions of berserk rage
 H - a potion of invisibility
 N - 2 potions of ambrosia


   Skills:
 - Level 14.9 Fighting
 - Level 16.5 Dodging
 - Level 20.4 Stealth
 - Level 14.9 Unarmed Combat
 + Level 6.8 Evocations


You had 13 spell levels left.
You didn't know any spells.
Your spell library contained the following spells:

 Spells                   Type           Power      Damage    Failure   Level
 Beastly Appendage        Tmut           0%         N/A       41%         1
 Wereblood                Tmut           0%         N/A       54%         2
 Spider Form              Tmut/Pois      0%         N/A       78%         3
 Ice Form                 Ice/Tmut       0%         N/A       99%         4


Dungeon Overview and Level Annotations

Branches:
Dungeon (15/15)            Temple (1/1) D:5            Lair (6/6) D:9
  Swamp (0/4) Lair:3        Snake (2/4) Lair:4        Slime (0/5) Lair:5
    Orc (2/2) D:10            Elf (0/3) Orc:2        Vaults (0/5) D:13
 Depths (0/5) D:15          Sewer (visited)         Volcano (visited)

Altars:
Ashenzari
Cheibriados
Dithmenos
Elyvilon
Fedhas
Gozag
Hepliaklqana
Kikubaaqudgha
Makhleb
Nemelex Xobeh
Okawaru
Qazlal
Ru
Sif Muna
Trog
Uskayaw
Vehumet
Wu Jian
Xom
Yredelemnul
Zin
The Shining One

Shops:
D:2 *   D:7 =   D:9 (   Orc:2 *=[(   Snake:1 *

Annotations:
D:6 Prince Ribbit
D:8 2 transporters, basicallysejuani's ghost, novice TrAr


Innate Abilities, Weirdness & Mutations

You have sharp claws.
You have razor-sharp teeth.
You have supernaturally acute eyesight. (SInv)
You cover ground quickly. (Speed+)
Your thick and shaggy fur keeps you warm. (AC +3, rC+)
Your paws help you pounce on unaware monsters.
You are incapable of wielding weapons or throwing items.
You cannot wear armour.
You gain extra lives every three experience levels.


Message History

The black mamba closely misses you. x2; The black mamba completely misses you.
Your skin crawls.
You feel strong-willed. The black mamba misses you.
The black mamba completely misses you. The black mamba closely misses you.
The black mamba misses you. The black mamba completely misses you.
The black mamba misses you.
Your surroundings suddenly seem different.
The salamander tyrant gazes fiercely through you!
You feel your attacks grow feeble.
Found a stone staircase leading up and a stone staircase leading down.
A naga sharpshooter comes into view. It is wielding a +0 short sword.
A naga mage comes into view. It is wielding a +3 halberd.
The anaconda hisses angrily.
The naga mage shouts!
The naga mage spits poison at you. The splash of poison hits you.
You are poisoned.
A salamander comes into view. It is wielding a +3 trident.
You feel sick. The anaconda completely misses you. x2
A naga comes into view. It is wielding a +0 mace.
The salamander tyrant gazes fiercely through you!
You feel as though you will be weak longer.
The black mamba hisses angrily.
There is a dry fountain here.
As you read the scroll of fear, it crumbles to dust.
You assume a fearsome visage.
The anaconda looks frightened!
The black mamba looks frightened!
The salamander tyrant resists with almost no effort.
The salamander resists with some effort.
The salamander looks frightened!
The naga mage looks frightened!
The salamander looks frightened!
The naga looks frightened!
You feel sick.
The salamander hits you from afar with a +0 trident!!
* * * LOW HITPOINT WARNING * * *
You are engulfed in flames!
You resist.
* * * LOW HITPOINT WARNING * * *
A naga comes into view. It is wielding a +0 battleaxe.
You feel less vulnerable to poison.
You feel sick.
The salamander tyrant rends the earth beneath you!
The blast of magma engulfs you!! You partially resist.
You die...

.....#
NNN.....##
#...##..)##
#.⌠.# #.N.#
##SN.####NN##
#.....# #.SS# >
#..<..# #⌠.<# ..
#.....# #...#
#.. #.@.# ##.)##
#.N. #.⌠.# #...#
....
#...##.N.##†..##
S..
#...........##
## ...#
##....N.N..##
.##...#
##S......##
..#... ###...###
....#### #.⌠.#
.......# #.#.#


You could see a salamander tyrant, 3 salamanders, an anaconda (fleeing), a black
mamba (fleeing), a naga mage (fleeing) and 2 nagas.

Vanquished Creatures
  An orc warlord (Orc:1)
  A juggernaut zombie (D:15)
  Snorg (D:10)
  The ghost of Phlounder the Thaumaturge, a journeyman DjWn of Lugonu (D:12)
  12 hydras
  3 vault guards (D:13)
  2 boulder beetles
  5 naga warriors (Snake:1)
  2 centaur warriors
  2 ogre magi (D:13)
  3 anacondas
  A merfolk avatar (Lair:6)
  6 two-headed ogres
  A death yak (Lair:6)
  Urug (Orc:1)
  3 orc high priests
  2 tengu warriors (D:15)
  2 naga sharpshooters (Snake:1)
  A vampire mage (D:15)
  A shock serpent (Snake:2)
  3 sea snakes
  A salamander mystic (Snake:2)
  2 skeletal warriors (D:15)
  A deep elf archer (D:14)
  A harpy (Lair:6)
  2 naga ritualists
  A necromancer (D:15)
  A tengu zombie (D:15)
  2 lindwurms (Volcano)
  A deep elf pyromancer (D:15)
  8 orc knights
  The ghost of basicallysejuani the Cudgeller, a novice HOAr of Beogh (D:6)
  2 mana vipers (Snake:1)
  13 ugly things
  2 salamanders
  2 orc sorcerers
  A stone giant zombie (D:15)
  6 cyclopes
  4 manticores
  A toenail golem (Volcano)
  Maurice (Orc:2)
  2 naga magi
  13 black mambas
  7 elephants
  A black mamba (shapeshifter) (D:15)
  2 guardian serpents (Snake:1)
  A torpor snail (Lair:6)
  2 molten gargoyles (Volcano)
  An ice statue (Lair:3)
  Maggie (Lair:2)
  2 gargoyles
  A kobold demonologist (D:11)
  7 yaktaurs
  6 rime drakes
  2 freezing wraiths
  14 komodo dragons
  13 cane toads
  2 hellwings (D:11)
  2 efreet (Volcano)
  2 tengu conjurers (D:13)
  3 meliai (D:14)
  2 tyrant leeches (Lair:3)
  4 polar bears
  10 trolls
  Grinder (D:6)
  4 hornets
  18 blink frogs
  5 dream sheep (Lair:4)
  A meliai zombie (D:11)
  4 slime creatures
  Sigmund (D:4)
  7 spriggans (Lair:1)
  5 wyverns
  5 basilisks
  A vampire (D:13)
  An elf zombie (D:15)
  A wraith (D:9)
  Eustachio (D:6)
  36 yaks
  2 steam dragons
  3 vampire mosquitoes (D:12)
  Menkaure (D:4)
  2 wargs
  15 nagas
  Edmund (D:6)
  An acid dragon (D:7)
  17 water moccasins
  29 orc warriors
  A sky beast (D:7)
  3 hornet zombies
  A necrophage (D:5)
  A black bear (Lair:3)
  12 ice beasts
  7 ogres
  5 centaurs
  10 wolves
  3 phantoms
  2 kobold brigands
  2 gnoll sergeants
  3 scorpions
  A wyvern zombie (D:7)
  3 earth elementals (Volcano)
  11 bullfrogs
  A water moccasin zombie (D:5)
  2 wyvern skeletons
  A water moccasin skeleton (D:5)
  8 killer bees
  A wight (D:7)
  6 electric eels
  A howler monkey (D:5)
  10 centaur zombies
  3 bullfrog skeletons (D:6)
  3 hounds (D:7)
  2 centaur skeletons
  15 jellies
  11 orc priests
  Ijyb (D:5)
  14 hell rats
  5 iguanas
  15 orc wizards
  A centaur simulacrum (D:6)
  A howler monkey skeleton (D:4)
  2 howler monkey zombies
  7 gnolls
  9 river rats
  10 adders
  5 shadow imps
  8 white imps
  An adder skeleton (D:4)
  An adder zombie (D:5)
  3 worms
  A dart slug (D:1)
  61 orcs
  8 ball pythons
  4 endoplasms
  5 giant cockroaches
  2 goblins
  8 hobgoblins
  4 jackals
  6 quokkas
  9 bats
  7 frilled lizards
  9 kobolds
  21 rats
  7 fire vortices (Volcano)
733 creatures vanquished.

Vanquished Creatures (collateral kills)
  Jorgrun (D:12)
  A catoblepas (Lair:6)
  An orc sorcerer (Orc:1)
  An elephant (Lair:4)
  A water moccasin (Lair:6)
5 creatures vanquished.

Vanquished Creatures (others)
  A wizard (D:3)
  An orc (D:9)
  3 kobolds (D:8)
  A fire vortex (Volcano)
  53 fungi
  111 plants
  9 withered plants
179 creatures vanquished.

Grand Total: 917 creatures vanquished

Notes
Turn   | Place    | Note
-------+----------+-------------------------------------------
     0 | D:1      | nyamberluvr69 the Felid Berserker began the quest for the
                  | Orb.
     0 | D:1      | Reached XP level 1. HP: 10/10 MP: 2/2
   182 | D:1      | Found a faded altar of an unknown god.
   210 | D:1      | Reached XP level 2. HP: 13/14 MP: 3/3
  1498 | D:2      | Reached XP level 3. HP: 6/17 MP: 4/4
  1977 | D:2      | Reached ** piety under Trog
  2145 | D:2      | Reached XP level 4. HP: 22/22 MP: 5/5
  2160 | D:2      | Found Liri's Assorted Antiques.
  2425 | D:2      | Reached skill level 5 in Dodging
  3541 | D:3      | Found a bloodstained altar of Trog.
  3542 | D:3      | Noticed a wizard
  3549 | D:3      | Killed a wizard
  3839 | D:3      | Found a burning altar of Makhleb.
  3889 | D:3      | Found a broken altar of Ashenzari.
  3964 | D:4      | Noticed Sigmund
  3975 | D:4      | Killed Sigmund
  3976 | D:4      | Reached XP level 5. HP: 20/25 MP: 6/6
  4022 | D:4      | Gained mutation: You are covered in thick fur. (AC +2)
                  | [Felid growth]
  4022 | D:4      | Reached XP level 6. HP: 14/29 MP: 7/7
  4602 | D:4      | Noticed Menkaure
  4604 | D:4      | Reached skill level 5 in Unarmed Combat
  4610 | D:4      | Killed Menkaure
  4611 | D:4      | Reached skill level 5 in Fighting
  4611 | D:4      | Reached XP level 7. HP: 31/33 MP: 8/8
  5069 | D:5      | Entered Level 5 of the Dungeon
  5183 | D:5      | Noticed a troll
  5352 | D:5      | Reached *** piety under Trog
  5501 | D:5      | Identified the +2 leather armour "Ygiff" {rN+ Dex+4 Stlth-}
  5501 | D:5      | Noticed Ijyb
  5511 | D:5      | Killed Ijyb
  5517 | D:5      | Reached XP level 8. HP: 38/38 MP: 9/9
  5671 | D:5      | Found a staircase to the Ecumenical Temple.
  5713 | Temple   | Entered the Ecumenical Temple
  6059 | D:5      | Killed a troll
  6285 | D:5      | Noticed a troll
  6291 | D:5      | Killed a troll
  6298 | D:5      | Noticed a gargoyle
  6338 | D:5      | Killed a gargoyle
  6340 | D:5      | Reached XP level 9. HP: 30/43 MP: 10/10
  6487 | D:5      | Found a snail-covered altar of Cheibriados.
  7168 | D:6      | Found a runed translucent gate.
  7168 | D:6      | Found a runed translucent gate.
  7168 | D:6      | Found a runed translucent gate.
  7186 | D:6      | Noticed basicallysejuani's ghost (novice HOAr)
  7215 | D:6      | Found an ornate altar of the Wu Jian Council.
  7216 | D:6      | Noticed Prince Ribbit
  7451 | D:6      | Noticed Grinder
  7455 | D:6      | Noticed Edmund
  7461 | D:6      | Killed Grinder
  7462 | D:6      | Reached skill level 10 in Dodging
  7465 | D:6      | Killed Edmund
  7538 | D:6      | Reached **** piety under Trog
  7539 | D:6      | Found a glowing drain.
  7543 | Sewer    | Entered a sewer
  7795 | Sewer    | Found a white marble altar of Elyvilon.
  8119 | D:6      | Killed basicallysejuani's ghost
  8144 | D:6      | Identified the ring of Cowardice {Fire Dex+4}
  8251 | D:6      | Found a hazy altar of Hepliaklqana.
  8340 | D:6      | Noticed Eustachio
  8354 | D:6      | Killed Eustachio
  8900 | D:7      | Reached XP level 10. HP: 49/49 MP: 11/11
  9292 | D:7      | Found Peuzi's Jewellery Shoppe.
 10323 | D:8      | Found an iron altar of Okawaru.
 10885 | D:8      | Found a transporter.
 10888 | D:8      | Found a transporter.
 10888 | D:8      | Noticed basicallysejuani's ghost (novice TrAr)
 10976 | D:8      | Found a shadowy altar of Dithmenos.
 11347 | D:9      | Identified the ring "Otuesaim" {rC- rN+ Str+2 Int+2 SInv}
 11397 | D:9      | Found a sacrificial altar of Ru.
 11428 | D:9      | You fall into a shaft and drop 3 floors!
 11429 | D:12     | Noticed a cyclops
 11439 | D:12     | Killed a cyclops
 11440 | D:12     | Reached skill level 10 in Fighting
 11440 | D:12     | Reached skill level 10 in Unarmed Combat
 11468 | D:12     | Identified 2 scrolls of acquirement
 11468 | D:12     | Acquired the ring of Coronation {+Blink Fly SInv}
 11470 | D:12     | Acquired the amulet "Meost" {Acrobat rElec rPois rF+}
 11496 | D:12     | Noticed a boulder beetle
 11561 | D:11     | Noticed a four-headed hydra
 11572 | D:11     | Killed a four-headed hydra
 11876 | D:11     | Reached XP level 11. HP: 54/54 MP: 12/12
 11975 | D:11     | Noticed a sun demon
 11975 | D:11     | Noticed a seven-headed hydra
 12099 | D:10     | Entered Level 10 of the Dungeon
 12881 | D:9      | Noticed a two-headed ogre
 12889 | D:9      | Killed a two-headed ogre
 12969 | D:9      | HP: 1/55 [centaur/arrow (11)]
 12973 | D:9      | Shot with an arrow by a centaur
 12974 | D:9      | Reached XP level 10. HP: -3/52 MP: 11/11
 13370 | D:9      | Found a glowing golden altar of the Shining One.
 13652 | D:9      | Found Qakunk's Hydra Hut.
 13731 | D:9      | Noticed a seven-headed hydra
 13964 | D:9      | Found a staircase to the Lair.
 14335 | D:10     | Found a staircase to the Orcish Mines.
 14370 | D:10     | Reached ***** piety under Trog
 14435 | D:10     | Noticed Snorg
 14648 | Lair:1   | Entered Level 1 of the Lair of Beasts
 14702 | Lair:1   | Noticed a seven-headed hydra
 14714 | Lair:1   | Reached skill level 1 in Stealth
 14717 | Lair:1   | Reached skill level 2 in Stealth
 14754 | D:9      | Reached skill level 3 in Stealth
 14754 | D:9      | Reached XP level 11. HP: 33/55 MP: 12/12
 14995 | Lair:1   | Reached skill level 4 in Stealth
 15004 | Lair:1   | Reached skill level 5 in Stealth
 15016 | Lair:1   | Reached skill level 6 in Stealth
 15353 | Lair:1   | Reached skill level 7 in Stealth
 15565 | Lair:1   | Reached skill level 8 in Stealth
 15674 | Lair:1   | Reached skill level 9 in Stealth
 16021 | Lair:1   | Upgraded the game from 0.27-a0-1378-gdefffd1ff6 to
                  | 0.27-a0-1384-g1422d76b99
 16264 | Lair:1   | Reached skill level 10 in Stealth
 16479 | Lair:2   | Noticed Maggie
 16497 | Lair:2   | Killed Maggie
 16899 | Lair:2   | Reached skill level 11 in Stealth
 17356 | Lair:2   | Noticed a five-headed hydra
 17456 | Lair:2   | Killed a five-headed hydra
 17605 | Lair:2   | Killed a seven-headed hydra
 17606 | Lair:2   | Reached skill level 12 in Stealth
 18294 | Lair:3   | Gained mutation: Your thick and shaggy fur keeps you warm.
                  | (AC +3, rC+) [Felid growth]
 18294 | Lair:3   | Reached XP level 12. HP: 60/60 MP: 13/13
 18296 | Lair:3   | Reached skill level 13 in Stealth
 18413 | Lair:3   | Reached skill level 14 in Stealth
 19147 | Lair:3   | Reached skill level 15 in Stealth
 19283 | Lair:3   | Identified the amulet of Otzuaff {Reflect Will++ Dex+7
                  | SH+5}
 19435 | Lair:3   | Found a staircase to the Swamp.
 20368 | Lair:4   | Reached skill level 16 in Stealth
 20688 | Lair:4   | Found a staircase to the Snake Pit.
 20713 | Lair:4   | Noticed a five-headed hydra
 20720 | Lair:4   | Killed a five-headed hydra
 20835 | Lair:4   | Reached skill level 17 in Stealth
 21119 | Lair:4   | Reached XP level 13. HP: 39/63 MP: 14/14
 21342 | Lair:4   | Found an ornate altar of the Wu Jian Council.
 21342 | Lair:4   | Found a hide-covered altar of Uskayaw.
 21474 | Lair:4   | Reached skill level 18 in Stealth
 22136 | Lair:5   | Found a dark tunnel.
 22143 | Volcano  | Entered a volcano
 23512 | Lair:5   | Reached skill level 19 in Stealth
 23812 | Lair:5   | Found a staircase to the Slime Pits.
 24879 | Lair:6   | Entered Level 6 of the Lair of Beasts
 25379 | Lair:6   | Reached skill level 20 in Stealth
 27767 | Lair:6   | Reached XP level 14. HP: 66/66 MP: 15/15
 28664 | Orc:1    | Entered Level 1 of the Orcish Mines
 28705 | Orc:1    | Noticed Urug
 28834 | Orc:1    | Killed Urug
 28852 | Orc:1    | HP: 1/69 [orc warrior/boomerang (12)]
 28862 | D:10     | Mangled by an orc knight
 28863 | D:10     | Reached XP level 13. HP: -10/64 MP: 14/14
 28905 | D:10     | Killed Snorg
 29697 | Orc:2    | Entered Level 2 of the Orcish Mines
 29697 | Orc:2    | Found Duaxany's Antique Armour Shop.
 30051 | Orc:1    | Demolished by an orc knight
 30052 | Orc:1    | Reached XP level 12. HP: -16/61 MP: 13/13
 30148 | Orc:2    | Noticed an orc warlord
 30649 | D:10     | Killed a seven-headed hydra
 31072 | D:11     | Noticed a two-headed ogre
 31076 | D:11     | Killed a two-headed ogre
 31077 | D:11     | Reached skill level 15 in Dodging
 31316 | D:12     | Noticed a two-headed ogre
 31320 | D:12     | Killed a two-headed ogre
 31566 | D:12     | Noticed a two-headed ogre
 31576 | D:12     | Killed a two-headed ogre
 31641 | D:12     | Reached XP level 13. HP: 65/65 MP: 14/14
 31737 | D:12     | Noticed Jorgrun
 31941 | D:12     | Found a runed translucent door.
 31941 | D:12     | Noticed Phlounder's ghost (journeyman DjWn)
 31952 | D:12     | Killed Phlounder's ghost
 31988 | D:12     | Killed Jorgrun
 33305 | D:13     | Found a gate to the Vaults.
 33308 | D:13     | Reached ****** piety under Trog
 33641 | D:14     | Found a shimmering altar of Xom.
 33643 | D:14     | Found a broken altar of Ashenzari.
 33643 | D:14     | Found a shimmering altar of Xom.
 33645 | D:14     | Found a shimmering blue altar of Sif Muna.
 33645 | D:14     | Found a blossoming altar of Fedhas.
 33645 | D:14     | Found a snail-covered altar of Cheibriados.
 33915 | D:14     | Found a blossoming altar of Fedhas.
 34959 | D:15     | Entered Level 15 of the Dungeon
 34966 | D:15     | Reached XP level 14. HP: 71/71 MP: 15/15
 35320 | D:15     | Found a staircase to the Depths.
 36590 | Orc:1    | Killed an orc warlord
 36685 | Orc:2    | Found Ereskisch's Jewellery Emporium.
 37566 | Orc:2    | Noticed Maurice
 37582 | Orc:2    | Killed Maurice
 37665 | Orc:2    | Found a staircase to the Elven Halls.
 37975 | Orc:2    | Bought a +4 ring of slaying for 1170 gold pieces
 38026 | Orc:2    | Found Udesh's Antique Weapon Emporium.
 38118 | Orc:2    | Found Sozer's General Store.
 38126 | Orc:2    | Bought a potion of berserk rage for 60 gold pieces
 38557 | Snake:1  | Entered Level 1 of the Snake Pit
 42366 | Snake:1  | HP: 4/108 [naga warrior (6)]
 43530 | Snake:1  | Reached XP level 15. HP: 71/76 MP: 16/16
 44346 | Snake:1  | Found Goth's Assorted Antiques.
 44370 | Snake:1  | Bought a scroll of acquirement for 1196 gold pieces
 44381 | Snake:1  | Acquired a manual of Evocations
 44458 | Snake:1  | Reached skill level 1 in Evocations
 44923 | Snake:2  | Reached skill level 5 in Evocations
 44935 | Snake:2  | HP: 5/114 [salamander (20)]
 44935 | Snake:2  | Slain by a salamander
 44936 | Snake:2  | Reached XP level 14. HP: 0/108 MP: 15/15
 44987 | Snake:2  | HP: 3/72 [salamander (7)]
 44988 | Snake:2  | Killed from afar by a salamander tyrant

Illustrated notes

Levels and vault maps discovered:
D:1:      amcnicky_arrival_abandoned_market, layout_basic,
          hellmonk_ecumenical_altar_lost_god
D:2:      minmay_thinvault, layout_loops_corners, serial_shops,
          nicolae_square_shop, serial_aquarium, aquarium_bridge_square
          [aquarium_subvault_bridge, aquarium_subvault_bridge,
          aquarium_subvault_wall, aquarium_subvault_bridge],
          aquarium_window_fake, aquarium_window_corner, aquarium_window_corner,
          aquarium_window_corridor_1, aquarium_view_2b, aquarium_view_2d,
          aquarium_pool_1, nrook_uturn, dk_vineyard_1, hangedman_decor_points,
          chequers_garden
D:3:      layout_rooms, trog_wizard, general_overflow_altar,
          amcnicky_altar_gilded, hangedman_glass_teeth, st_stairs_4,
          kennysheep_flooded_box, lemuel_another_geyser
D:4:      layout_rooms, uniq_menkaure, uniq_sigmund
D:5:      layout_layer_cave, lemuel_round_altar,
          minmay_temple_entry_sparse_star, minmay_stone_trees_small,
          minmay_manual_monstrance, uniq_ijyb
D:6:      layout_basic, worldfamousw_hep_ancestral_shrine, lemuel_crystal_altar,
          gup_sewer_entry_spiral, gammafunk_ghost_icy, columned_hall_lemuel,
          minmay_misc_feat_chi, uniq_edmund, uniq_eustachio,
          uniq_prince_ribbit1, uniq_grinder
D:7:      nzn_winding_woodlands_three_and_one
          [nzn_winding_woodlands_5x15_concentric,
          nzn_winding_woodlands_5x15_zeroes, nzn_winding_woodlands_5x15_eye,
          nzn_winding_woodlands_center_garden], layout_gridville, serial_shops,
          nicolae_shop_behind_doors, minmay_misc_feat_square
D:8:      layout_basic, kennysheep_mini_moat, lemuel_round_altar,
          gammafunk_ghost_arena, minmay_fountain_box, abandoned_shop,
          lemuel_flame_loot_1
D:9:      layout_rooms, nicolae_ru_path_of_blood, overflow_temple_1_default,
          david_lair_shrubbed, nrook_pool_corridor, minivault_1,
          doesnt_shop_hydraphobe
D:10:     layout_long_grid, hiddenorc2_lemuel, ebering_dispersal_statue_hall,
          uniq_snorg
D:11:     cheibrodos_grave_circle, layout_loops_ring, serial_bayou_crossing
D:12:     layout_irregular_city, gammafunk_ghost_grave,
          portal_ice_cave_entry_pillars_1, uniq_jorgrun
D:13:     layout_long_grid, grunt_vaults_entry_fortified
D:14:     layout_irregular_city, fedhas_altar_2, doesnt_xom_only_xom
D:15:     gammafunk_depths_entry_grave, layout_long_grid, chequers_mini_garden
Temple:   minmay_temple_bridge_abc
Lair:1:   kb_forest_paths, layout_chaotic_city, serial_bayou_pond_b
Lair:2:   layout_cave_pods, beast_lair_carwin_2, grunt_megastairs_2,
          serial_bayou_shore_a, uniq_maggie
Lair:3:   layout_chaotic_city, minmay_swamp_entry_worms, ice2_lemuel
Lair:4:   layout_hall_layers, guppyfry_snake_entry_garden,
          nzn_masters_of_martial_movement
Lair:5:   layout_small_grid, minmay_slime_entry_jelly_boxes,
          nicolae_volcano_entry_hallway, grunt_forest_small_clearing_treed,
          serial_bayou_shore_b
Lair:6:   gammafunk_lair_ancient_temple, layout_regular_city,
          kennysheep_abandoned_house, serial_bayou_shore_b
Snake:1:  layout_basic, serial_shops, shop
Snake:2:  layout_misc_corridors, minmay_shoptagon, grunt_megastairs_5
Orc:1:    layout_caves, nicolae_orc_rockfall, uniq_urug
Orc:2:    grunt_orc_gardens, layout_caves, grunt_orc_garden, grunt_orc_garden,
          grunt_orc_garden, grunt_orc_garden, uniq_maurice

Skill      XL: |  1  2  3  4  5  6  7  8  9 10 11 12 13 14 15 |
---------------+----------------------------------------------+-----
Dodging        | 6 8 9 11 14 13 15 16 | 16.5
Unarmed Combat | 4 5 6 7 8 10 11 13 14 | 14.9
Fighting       | 4 5 6 7 8 10 11 13 14 | 14.9
Stealth        | 3 12 17 20 | 20.4
Evocations     | 6 5 |  6.8

Action                   |  1- 3 |  4- 6 |  7- 9 | 10-12 | 13-15 || total
-------------------------+-------+-------+-------+-------+-------++-------
Melee: Unarmed           |   107 |    95 |   311 |  1029 |  1123 ||  2665
       Bite              |     7 |     7 |    47 |   193 |   204 ||   458
       Punch             |       |     2 |    12 |    77 |   128 ||   219
Invok: Berserk           |     3 |     4 |    17 |    48 |    55 ||   127
       Trog's Hand       |       |     2 |     2 |    14 |     8 ||    26
       Brothers in Arms  |       |       |       |     1 |     3 ||     4
 Abil: Evoke Blink       |       |       |       |     1 |       ||     1
Evoke: Wand              |       |     3 |       |     7 |    11 ||    21
  Use: Scroll            |       |       |     4 |    15 |    17 ||    36
       Potion            |       |       |       |     1 |     1 ||     2
 Stab: Sleeping          |     3 |     1 |     4 |    31 |    58 ||    97
       Distracted        |       |       |       |     3 |    14 ||    17
       Paralysed         |       |       |       |     3 |     2 ||     5
Armor: Skin              |     4 |     5 |    10 |    45 |    20 ||    84
Dodge: Dodged            |    80 |    75 |   231 |  1210 |  1194 ||  2790

Table legend: (Time is in decaauts)
 A = Elapsed time spent in this place.
 B = Non-inter-level travel time spent in this place.
 C = Inter-level travel time spent in this place.
 D = Time resting spent in this place.
 E = Time spent auto-exploring this place.
 F = Levels seen in this place.
 G = Mean time per level.
                   A        B        C        D        E       F      G
               +--------+--------+--------+--------+--------+-----+--------+
         Total |  41466 |  40207 |   1259 |  19933 |  12581 |  28 | 1480.9 |
       Dungeon |  19026 |  18285 |    741 |   6228 |   8585 |  15 | 1268.4 |
        Temple |    292 |    263 |     29 |    100 |    158 |   1 |  292.0 |
          Lair |  12738 |  12341 |    397 |   7081 |   2748 |   6 | 2123.0 |
     Snake Pit |   5014 |   4983 |     31 |   3721 |    440 |   2 | 2507.0 |
  Orcish Mines |   2726 |   2667 |     59 |   1611 |    555 |   2 | 1363.0 |
         Sewer |    313 |    313 |      0 |    134 |     93 |   1 |  313.0 |
       Volcano |   1354 |   1354 |      0 |   1057 |      0 |   1 | 1354.0 |
               +--------+--------+--------+--------+--------+-----+--------+

Top non-repeatable levels by time:
 Snake:1: 4941 daAuts
  Lair:4: 2887 daAuts
  Lair:5: 2685 daAuts
   Orc:1: 2004 daAuts
  Lair:2: 1973 daAuts
  Lair:6: 1926 daAuts
     D:2: 1916 daAuts
    D:10: 1915 daAuts
  Lair:1: 1707 daAuts
     D:9: 1690 daAuts
  Lair:3: 1558 daAuts
    D:14: 1443 daAuts
     D:5: 1361 daAuts
 Volcano: 1354 daAuts
    D:13: 1255 daAuts
